 Dungeon Crawl Stone Soup version 0.28-a0-1447-ga5a8893891 (webtiles) character file.

Game seed: 1119533069181232669

58 herbaltea the Skirmisher (level 4, -1/36 HPs)
             Began as a Formicid Abyssal Knight on Jan 11, 2022.
             Was a Follower of Lugonu.
             Slain by Robin (4 damage)
             ... on level 3 of the Dungeon.
             The game lasted 00:04:15 (2428 turns).

herbaltea the Skirmisher (Formicid Abyssal Knight)  Turns: 2428, Time: 00:04:16

Health: -1/36      AC:  5    Str: 18    XL:     4   Next: 20%
Magic:  6/6        EV: 10    Int: 15    God:    Lugonu [*.....]
Gold:   88         SH:  3    Dex: 13    Spells: 3/3 levels left

rFire   . . .      SeeInvis +   a - +1 hand axe
rCold   . . .      Faith    .   l - +0 buckler
rNeg    . . .      Spirit   .   o - +0 ring mail
rPois   .          Reflect  .   (helmet unavailable)
rElec   .          Harm     .   (no cloak)
rCorr   .          Rampage  .   (no gloves)
Will    .....                   (no boots)
Stlth   +.........              (no amulet)
HPRegen 0.12/turn               h - +6 ring of intelligence
MPRegen 0.10/turn               (no ring)

@: no status effects
A: permanent stasis, dig shafts and tunnels, antennae 3, four strong arms
a: Dig, Shaft Self, Renounce Religion, Depart the Abyss


You were on level 3 of the Dungeon.
You worshipped Lugonu.
Lugonu was aware of your devotion.
You visited 1 branch of the dungeon, and saw 3 of its levels.
You visited the Abyss 1 time.

You collected 88 gold pieces.

Inventory:

Hand Weapons
 a - a +1 hand axe (weapon)
Missiles
 d - 13 poisoned darts
 e - 2 atropa-tipped darts
 f - 33 stones
 n - 6 javelins
Armour
 b - a +0 leather armour
 g - an orb of guile
 l - a +0 buckler (worn)
 o - a +0 ring mail (worn)
Jewellery
 h - a +6 ring of intelligence (left hand)
Scrolls
 i - a scroll of holy word {unknown}
 k - a scroll of identify {unknown}
 m - a scroll of vulnerability {unknown}
 p - a scroll of immolation {unknown}
Potions
 c - 3 potions of haste {unknown}
 j - a potion of ambrosia {unknown}


   Skills:
 + Level 3.6 Fighting
 * Level 2.9 Axes
 + Level 2.6 Armour
 + Level 1.4 Dodging
 * Level 0.7 Shields
 + Level 2.7 Invocations


You had 3 spell levels left.
You didn't know any spells.
Your spell library contained the following spells:

 Spells                   Type           Power      Damage    Failure   Level
 Tukima's Dance           Hex            0%         N/A       87%         3
 Passage of Golubria      Tloc           0%         N/A       99%         4
 Yara's Violent Unravell  Hex/Tmut       0%         3d3       100%        5


Dungeon Overview and Level Annotations

Branches:
Dungeon (3/15)

Altars:
Okawaru

Annotations:
D:3 Robin


Innate Abilities, Weirdness & Mutations

You cannot be hasted, slowed, berserked, paralysed or teleported.
You can dig through walls and to a lower floor.
You have a pair of large antennae on your head. (SInv)
Your four strong arms can wield two-handed weapons with a shield.


Message History

You hit the hobgoblin.
You kill the hobgoblin!
Lugonu accepts your kill.
You hit the goblin.
You kill the goblin!
Lugonu accepts your kill. Robin throws the goblin at you!
The goblin hits you but does no damage.
You hit the goblin.
You kill the goblin!
Lugonu accepts your kill.
You miss the goblin. The goblin hits you with a +0 club.
* * * LOW HITPOINT WARNING * * *
You slash the goblin!
You kill the goblin!
Lugonu accepts your kill.
You closely miss Robin. Robin barely misses you.
You hit Robin.
Robin is moderately wounded.
Robin barely misses you.
You slash Robin!
Robin is severely wounded.
Robin laughs in a distinctly smug fashion.
Robin misses you.
You closely miss Robin.
Robin is severely wounded.
Robin hits you but does no damage.
A goblin comes into view. It is wielding a +0 club.
You closely miss Robin.
Robin is severely wounded.
The goblin shouts!
Robin hits you with a +0 club.
* * * LOW HITPOINT WARNING * * *
You closely miss Robin.
Robin is severely wounded.
Robin hits you with a +0 club.
* * * LOW HITPOINT WARNING * * *
You hit Robin but do no damage.
Robin is severely wounded.
Robin hits you with a +0 club.
You die...

. {{ #.# #)########
#)...{...#
########.# #g#
##+## #.# ##.<.##
#.# #.....##
####g##
.......######.##@.#
................#.#
........).......#.#
.........###....#.#
.......#.# ##.#....
#..[..##.# .......#
##...###.#
#.##....# ##+## #.#
#. #.#### ... ..
..#


You could see Robin and a goblin.

Vanquished Creatures
  A gnoll (D:2)
  An adder (D:2)
  3 dart slugs
  2 ball pythons (D:2)
  An endoplasm (D:2)
  2 giant cockroaches
  10 goblins
  2 hobgoblins
  A quokka (D:1)
  3 frilled lizards
  4 kobolds
  2 rats (D:2)
32 creatures vanquished.

Notes
Turn   | Place    | Note
-------+----------+-------------------------------------------
     0 | Abyss:1  | herbaltea the Formicid Abyssal Knight began the quest for
                  | the Orb.
     0 | Abyss:1  | Reached XP level 1. HP: 18/18 MP: 2/2
    15 | Abyss:1  | Found a corrupted altar of Lugonu.
    71 | Abyss:3  | Noticed an ancient zyme
    73 | D:1      | Escaped the Abyss
   452 | D:1      | Reached skill level 1 in Dodging
   470 | D:1      | Reached XP level 2. HP: 21/24 MP: 3/3
  1629 | D:2      | Found an iron altar of Okawaru.
  1648 | D:2      | Reached * piety under Lugonu
  1649 | D:2      | Reached XP level 3. HP: 29/29 MP: 4/4
  2332 | D:2      | Reached XP level 4. HP: 10/36 MP: 4/6
  2393 | D:3      | Noticed Robin
  2428 | D:3      | Slain by Robin

Illustrated notes

Levels and vault maps discovered:
D:1:      evilmike_arrival_hilbert_curve, layout_loops_corners,
          minmay_misc_feat_rows
D:2:      layout_loops_corners, basic_altar, uniq_sigmund
D:3:      minmay_goblin_kobold_castle, layout_loops_corners,
          gup_sewer_entry_glass, ebering_ecumenical_altar_abandoned,
          kennysheep_generic_room_8, uniq_jessica, uniq_robin

Skill      XL: |  1 |
---------------+----+-----
Dodging        | 1 |  1.4
Fighting       | |  3.6
Axes           | |  2.9
Armour         | |  2.6
Shields        | |  0.7
Invocations    | |  2.7

Action                   |  1- 3 |  4- 6 || total
-------------------------+-------+-------++-------
Melee: Hand axe          |    80 |    13 ||    93
Invok: Depart the Abyss  |     1 |       ||     1
Armor: Leather armour    |    14 |     1 ||    15
       Ring mail         |       |     5 ||     5
Dodge: Dodged            |    38 |     5 ||    43
Block: Buckler           |     3 |       ||     3

Table legend: (Time is in decaauts)
 A = Elapsed time spent in this place.
 B = Non-inter-level travel time spent in this place.
 C = Inter-level travel time spent in this place.
 D = Time resting spent in this place.
 E = Time spent auto-exploring this place.
 F = Levels seen in this place.
 G = Mean time per level.
                   A        B        C        D        E       F      G
               +--------+--------+--------+--------+--------+-----+--------+
         Total |   2443 |   2417 |     26 |    634 |   1419 |   6 |  407.2 |
       Dungeon |   2370 |   2344 |     26 |    634 |   1364 |   3 |  790.0 |
         Abyss |     73 |     73 |      0 |      0 |     55 |   3 |   24.3 |
               +--------+--------+--------+--------+--------+-----+--------+

Top non-repeatable levels by time:
     D:1: 1458 daAuts
     D:2: 833 daAuts
     D:3: 78 daAuts
 Abyss:1: 40 daAuts
 Abyss:2: 24 daAuts
 Abyss:3: 7 daAuts
